 Dungeon Crawl Stone Soup version 0.20.1-1-g8b1a95d (webtiles) character file.

1534 gobwax the Frost Mage (level 8, -14/69 HPs)
             Began as an Octopode Ice Elementalist on Sept 12, 2017.
             Demolished by Pikel
             ... wielding a +2 whip of electrocution
              (19 damage)
             ... on level 5 of the Dungeon.
             The game lasted 00:14:22 (6213 turns).

gobwax the Frost Mage (Octopode Ice Elementalist)   Turns: 6213, Time: 00:14:22

Health: -14/69     AC: 24    Str:  5 (7)  XL:     8   Next: 86%
Magic:  11/17      EV:  2    Int: 19 (20) God:
Gold:   285        SH:  0    Dex:  9 (10) Spells: 16/19 levels left

rFire    . . .     SeeInvis .   h - +3 quarterstaff (chaos)
rCold    . . .     Gourm    .   (shield currently unavailable)
rNeg     + + +     Faith    .   (helmet currently unavailable)
rPois    +         Spirit   .   (no amulet)
rElec    .         Reflect  .   s - ring of protection from magic
rCorr    .         Harm     .   i - -2 ring of dexterity (curse)
MR       +....     NoTele   +   (no ring)
Stlth    ++........             (no ring)
Regen    0.3/turn               (no ring)
MPRegen  0.2/turn               (no ring)
                                (no ring)
                                (no ring)

@: tree-form
A: almost no armour, stealthy swim, (amphibious), 8 rings, (constrict 8)
a: no special abilities


You were on level 5 of the Dungeon.
You were not hungry.
You were a tree.
You visited 1 branch of the dungeon, and saw 6 of its levels.

You collected 285 gold pieces.

Inventory:

Hand Weapons
 d - a +3 dagger
 h - a +3 quarterstaff of chaos (weapon)
Jewellery
 i - a cursed -2 ring of dexterity (right branch)
 s - a ring of protection from magic (left branch)
Wands
 n - a wand of flame (29/48)
Scrolls
 e - 3 scrolls of teleportation {unknown}
 f - 3 scrolls of enchant armour {unknown}
 g - a scroll of fear {unknown}
 j - 2 scrolls of immolation {unknown}
 l - 2 scrolls of recharging {unknown}
 m - a scroll of enchant weapon {unknown}
 p - 9 scrolls of identify {unknown}
 r - a scroll of magic mapping {unknown}
 u - 5 scrolls of remove curse {unknown}
Potions
 k - 5 potions of curing
 o - a potion of flight
Books
 a - a book of Frost

   Spells                             Type                      Level
   a - Freeze                         Ice                          1
   b - Throw Frost                    Conjuration/Ice              2
   c - Ozocubu's Armour               Charms/Ice                   3
   d - Throw Icicle                   Conjuration/Ice              4
   e - Summon Ice Beast               Ice/Summoning                4
 w - a book of Minor Magic

   Spells                             Type                      Level
   a - Magic Dart                     Conjuration                  1
   b - Blink                          Translocation                2
   c - Call Imp                       Summoning                    2
   d - Slow                           Hexes                        2
   e - Conjure Flame                  Conjuration/Fire             3
   f - Mephitic Cloud                 Conjuration/Poison/Air       3
Comestibles
 b - 4 bread rations
 c - 11 fruits


   Skills:
 - Level 0.2 Fighting
 - Level 2.0 Dodging
 - Level 3.0 Stealth
 + Level 6.0 Spellcasting
 * Level 4.0 Conjurations
 * Level 8.3 Ice Magic


You had 16 spell levels left.
You knew the following spells:

 Your Spells              Type           Power        Failure   Level  Hunger
a - Freeze                Ice            ####         1%          1    None
b - Throw Frost           Conj/Ice       ####..       1%          2    None


Dungeon Overview and Level Annotations

Branches:
Dungeon (6/15)
 Temple: D:4-7

Altars:
Nemelex Xobeh
Okawaru
Ru
Zin

Shops:
D:6 [

Annotations:
D:2 Sigmund
D:4 Agrougrou's ghost, amateur OpTm
D:5 2 transporters, Pikel


Innate Abilities, Weirdness & Mutations

You cannot wear most types of armour.
You are very stealthy in the water. (Stealth+)
((You are amphibious.))
You can wear up to eight rings at the same time.
((You can use your tentacles to constrict eight enemies at once.))
((Your skin changes colour to match your surroundings (Stealth+).))
((Your rubbery body absorbs attacks. (AC +1, EV +1)))


Message History

Pikel hits you but does no damage.
You are electrocuted!
* * * LOW HITPOINT WARNING * * *
Casting: Freeze
Confirm with . or Enter, or press ? or * to list all spells.
Aiming: Freeze
Press: ? - help, Shift-Dir - straight line, f/p - Pikel
Aim: Pikel, wielding a whip of electrocution and wearing a robe (moderately wounded)
You freeze Pikel.
Pikel is severely wounded.
The slave shouts!
Pikel hits you but does no damage.
Casting: Freeze
Confirm with . or Enter, or press ? or * to list all spells.
Aiming: Freeze
Press: ? - help, Shift-Dir - straight line, f/p - Pikel
Aim: Pikel, wielding a whip of electrocution and wearing a robe (severely wounded)
You freeze Pikel.
Pikel is almost dead.
Pikel hits you but does no damage.
You are electrocuted!
You die...

####.....#........#
#.....####.##.#######
###........#..........#
#.........[..K#.#####.#
#.######.#....#.)...#
#.# #.........#####o#
#.# #.##......# #.#
#.###[###.....#####.#
#.#.........>p.K♣...#
#.#.#.###....########
#.#.#.###....#
#.#.#..##....#
#.#.##.##....#
#.#.##.##....#
#.#.##.##....#
#.#.##.##....#
#.#.##.##....#


You could see Pikel and a slave.

Vanquished Creatures
  Prince Ribbit (D:5)
  Eustachio (D:5)
  Menkaure (D:4)
  2 slaves
  A black bear (D:6)
  A phantom (D:3)
  2 ogres (D:5)
  A bullfrog (D:5)
  A vampire bat (D:3)
  A crimson imp (D:3)
  A jelly (D:5)
  5 orc priests
  2 orc wizards
  Crazy Yiuf (D:3)
  3 hounds
  Jessica (D:2)
  A worker ant (D:4)
  A hound skeleton (D:4)
  A gnoll (D:1)
  11 adders
  A shadow imp (D:5)
  An ooze (D:1)
  An adder skeleton (D:6)
  A dart slug (D:2)
  A leopard gecko (D:1)
  9 orcs
  2 ball pythons
  8 giant cockroaches
  7 goblins
  9 hobgoblins
  4 jackals (D:2)
  5 kobolds
  13 bats
  8 frilled lizards
  A quokka zombie (D:5)
  10 rats
120 creatures vanquished.

Notes
Turn   | Place    | Note
-------+----------+-------------------------------------------
     0 | D:1      | gobwax the Octopode Ice Elementalist began the quest for the Orb.
     0 | D:1      | Reached XP level 1. HP: 11/11 MP: 3/3
   132 | D:1      | Reached XP level 2. HP: 17/17 MP: 0/5
   502 | D:1      | Reached XP level 3. HP: 21/21 MP: 1/6
  1105 | D:2      | Noticed Sigmund
  1123 | D:2      | Learned a level 2 spell: Throw Frost
  1161 | D:2      | Noticed Jessica
  1183 | D:2      | Killed Jessica
  1183 | D:2      | Reached skill level 4 in Ice Magic
  1183 | D:2      | Reached XP level 4. HP: 22/27 MP: 0/8
  2032 | D:2      | Found a sacrificial altar of Ru.
  2292 | D:3      | Reached XP level 5. HP: 28/31 MP: 6/10
  2618 | D:3      | Reached skill level 5 in Ice Magic
  2618 | D:3      | Reached XP level 6. HP: 16/36 MP: 7/11
  3254 | D:3      | Found an iron altar of Okawaru.
  3274 | D:3      | Noticed a phantom
  3318 | D:3      | Killed a phantom
  3318 | D:3      | Reached XP level 7. HP: 32/41 MP: 13/13
  3354 | D:3      | Found a runed door.
  3563 | D:3      | Noticed Crazy Yiuf
  3566 | D:3      | Killed Crazy Yiuf
  3698 | D:4      | Reached skill level 6 in Ice Magic
  3817 | D:4      | Noticed Menkaure
  3877 | D:4      | Killed Menkaure
  3934 | D:4      | Noticed Agrougrou's ghost (amateur OpTm)
  4241 | D:5      | Entered Level 5 of the Dungeon
  4241 | D:5      | Found a transporter.
  4241 | D:5      | Noticed Prince Ribbit
  4253 | D:5      | Found a transporter.
  4264 | D:5      | Killed Prince Ribbit
  4264 | D:5      | Reached skill level 5 in Spellcasting
  4264 | D:5      | Reached XP level 8. HP: 36/46 MP: 7/15
  4559 | D:5      | Reached skill level 7 in Ice Magic
  4753 | D:5      | Noticed Eustachio
  4768 | D:5      | Killed Eustachio
  5445 | D:5      | Reached skill level 8 in Ice Magic
  5450 | D:5      | Noticed Pikel
  5956 | D:6      | Found a glowing silver altar of Zin.
  6024 | D:6      | Found a sparkling altar of Nemelex Xobeh.
  6041 | D:6      | Found Xuggyir's Antique Armour Shoppe.
  6213 | D:5      | Demolished by Pikel

Skill      XL: |  1  2  3  4  5  6  7  8 |
---------------+-------------------------+-----
Stealth        | 3 |  3.0
Spellcasting   | 3 4 5 6 |  6.0
Ice Magic      | 4 5 6 8 |  8.3
Conjurations   | 2 3 4 |  4.0
Fighting       | |  0.2
Dodging        | |  2.0

Action                   |  1- 3 |  4- 6 |  7- 9 || total
-------------------------+-------+-------+-------++-------
Melee: Unarmed           |    10 |    29 |       ||    39
       Constrict         |     4 |    17 |     9 ||    30
       Tentacles         |     3 |     8 |     1 ||    12
       Dagger            |       |    45 |     3 ||    48
       Quarterstaff      |       |       |    40 ||    40
 Cast: Freeze            |    43 |    49 |    47 ||   139
       Throw Frost       |       |    25 |    36 ||    61
  Use: Potion            |       |     7 |     8 ||    15
 Stab: Sleeping          |       |     3 |     1 ||     4
       Distracted        |       |     1 |       ||     1
       Paralysed         |       |       |     1 ||     1
  Eat: Chunk             |     1 |     7 |     9 ||    17
Armor: Skin              |     2 |    12 |     8 ||    22
Dodge: Dodged            |    22 |    97 |    57 ||   176
